 Dungeon Crawl Stone Soup version 0.29.0-13-gc9e81de378 (webtiles) character file.

Game seed: 14294386154420821258

19644 sanka the Nimble (level 12, -5/72 HPs)
             Began as a Tengu Abyssal Knight on Sept 10, 2022.
             Was the Champion of Lugonu.
             Slain by a red ugly thing (6 damage)
             ... on level 14 of the Dungeon.
             The game lasted 00:29:11 (13976 turns).

sanka the Nimble (Tengu Abyssal Knight)            Turns: 13976, Time: 00:29:12

Health: -5/72      AC:  8    Str: 21    XL:     12   Next: 71%
Magic:  0/20       EV: 29    Int: 19    God:    Lugonu [******]
Gold:   1011       SH:  0    Dex: 19    Spells: 11/11 levels left

rFire   + . .      SeeInvis .   a - +9 spear "Ybyttun" {elec, Str+7}
rCold   . . .      Faith    .   (no shield)
rNeg    . . .      Spirit   +   I - +0 steam dragon scales
rPois   .          Reflect  .   (helmet restricted)
rElec   .          Harm     .   x - +2 cloak
rCorr   +          Rampage  .   (no gloves)
Will    .....                   (boots unavailable)
Stlth   ++........              o - amulet of guardian spirit
HPRegen 0.22/turn               j - ring of the Median {rF+ rCorr Int+4 Dex+4}
MPRegen 0.17/turn               q - +4 ring of evasion

@: about to teleport, flying quickly and evasively, quick
A: beak, talons 3, nimble flight
a: Renounce Religion, Depart the Abyss, Bend Space, Banish, Corrupt, Enter the
Abyss, Brand Weapon With Distortion


You were on level 14 of the Dungeon.
You worshipped Lugonu.
Lugonu was exalted by your worship.
You visited 1 branch of the dungeon, and saw 13 of its levels.
You visited the Abyss 1 time.
You also visited: Sewer and Bailey.

You collected 1011 gold pieces.


Innate Abilities, Weirdness & Mutations

You have a beak for a mouth.
You have claws for feet.
Your magical nature lets you fly swiftly and evasively.


   Skills:
 + Level 7.6 Fighting
 - Level 12.0 Polearms
 - Level 2.1 Armour
 + Level 13.6 Dodging
 + Level 9.9 Invocations


You had 11 spell levels left.
You didn't know any spells.
Your spell library contained the following spells:

 Spells                   Type           Power      Damage    Failure   Level
 Summon Small Mammal      Summ           0%         N/A       21%         1
 Call Canine Familiar     Summ           0%         N/A       52%         3
 Summon Guardian Golem    Hex/Summ       0%         N/A       52%         3
 Summon Forest            Summ/Tloc      0%         N/A       99%         5
 Eringya's Noxious Bog    Tmut/Pois      0%         N/A       100%        6
 Summon Hydra             Summ           0%         N/A       100%        7

Inventory:

Hand Weapons
 a - the +9 spear "Ybyttun" (weapon) {elec, Str+7}

   It occasionally discharges a powerful burst of electricity upon striking a
   foe.
   Str:       It affects your strength (+7).
 v - a +5 broad axe
 y - the +0 flail "Gram" {vorpal, rElec}

   It inflicts extra damage upon your enemies.
   rElec:     It insulates you from electricity.
Missiles
 f - 6 curare-tipped darts {=f}
 E - a throwing net {=f}
 P - 7 silver javelins
Armour
 x - a +2 cloak (worn)
 F - a +1 robe of willpower
 G - a +0 troll leather armour
 I - +0 steam dragon scales (worn)
Jewellery
 j - the ring of the Median (left hand) {rF+ rCorr Int+4 Dex+4}

   [ring of resist corrosion]

   Int:       It affects your intelligence (+4).
   Dex:       It affects your dexterity (+4).
   rF:        It protects you from fire.
   rCorr:     It protects you from acid and corrosion.
 l - an amulet of regeneration
 m - a +6 ring of dexterity
 o - an amulet of guardian spirit (around neck)
 q - a +4 ring of evasion (right hand)
 z - a ring of protection from fire
 R - an amulet of the acrobat
Wands
 K - a wand of mindburst (18)
 T - a wand of iceblast (7)
Scrolls
 d - 5 scrolls of teleportation {@r4}
 g - 2 scrolls of silence {!r}
 i - 4 scrolls of enchant weapon
 p - a scroll of immolation {!r}
 r - 4 scrolls of fog
 t - a scroll of noise {unknown}
 u - a scroll of vulnerability {!r}
 A - 2 scrolls of enchant armour
 B - 4 scrolls of blinking
 C - 3 scrolls of fear
 H - 3 scrolls of poison {!r}
 N - a scroll of brand weapon {unknown}
 O - 4 scrolls of magic mapping
 Q - a scroll of amnesia
 U - a scroll of torment {unknown}
Potions
 b - a potion of magic {unknown}
 c - 4 potions of haste {unknown}
 e - 3 potions of brilliance {unknown}
 h - 4 potions of curing {@q1}
 k - 5 potions of heal wounds {unknown}
 n - 2 potions of flight {unknown}
 s - 2 potions of resistance {unknown}
 w - 4 potions of attraction {unknown}
 D - 3 potions of invisibility {unknown}
 J - a potion of might
 M - a potion of berserk rage {unknown}
 S - 3 potions of cancellation {unknown}
 V - a potion of mutation {unknown}
Miscellaneous
 L - a phantom mirror

Dungeon Overview and Level Annotations

Branches:
Dungeon (12/15)            Temple (0/1) D:5            Lair (0/5) D:8
    Orc (0/2) D:11          Sewer (visited)          Bailey (visited)

Altars:
Cheibriados
Elyvilon
Gozag
Hepliaklqana
Kikubaaqudgha
Okawaru
Sif Muna
Yredelemnul
Zin

Shops:
D:5 :   D:6 (*

Annotations:
D:9 2 transporters, Pim's ghost, novice GrVM
D:10 2 transporters, Arum's ghost, journeyman FoFi

▒▒▒▒▒▒▒▒▒▒▒▒▒▒
▒......u.....▒ . ▒▒▒▒
▒.B.B†u▒▒▒▒▒)▒ ▒.. ...
▒.▒▒▒▒.▒ ▒.▒
▒....▒.▒▒▒u▒▒▒▒.▒▒▒▒▒u▒
.......QuB..C.........▒
▒▒▒▒.▒▒▒▒▒.▒▒▒▒▒.▒▒▒.°▒▒
▒.▒ ▒C▒▒▒....
8.8.▒▒▒...▒..▒▒
......▒.▒.c..▒▒
8.8.▒.u.▒▒▒....
▒▒.▒▒▒▒▒u▒ ▒..▒▒ .▒
▒▒▒u▒▒▒..▒ ▒.....▒..▒▒


You could see a boulder beetle, 2 ugly things and a cyclops.


Message History

The red ugly thing attacks as you move away!
The red ugly thing bites you!
* * * LOW HITPOINT WARNING * * *
You are engulfed in flames!
You resist.
* * * LOW HITPOINT WARNING * * *
The boulder beetle leaps!
Unknown command.
The red ugly thing attacks as you move away!
The red ugly thing misses you.
The red ugly thing attacks as you move away!
The red ugly thing bites you!
* * * LOW HITPOINT WARNING * * *
You are engulfed in flames!
You resist.
* * * LOW HITPOINT WARNING * * *
The cyclops throws a large rock.
The large rock completely misses you.
The red ugly thing attacks as you move away!
The red ugly thing closely misses you.
The red ugly thing completely misses you.
The red ugly thing attacks as you move away!
The red ugly thing bites you but does no damage.
As you read the scroll of teleportation {@r4}, it crumbles to dust.
You feel strangely unstable. The red ugly thing bites you!
* * * LOW HITPOINT WARNING * * *
You are engulfed in flames.
You resist.
You die...

Action                   |  1- 3 |  4- 6 |  7- 9 | 10-12 || total
-------------------------+-------+-------+-------+-------++-------
Melee: Spear             |    79 |    78 |   294 |   563 ||  1014
       Kick              |    18 |    10 |    52 |   148 ||   228
       Peck              |     7 |     6 |    29 |    90 ||   132
       Dagger            |    10 |       |       |       ||    10
       Punch             |       |       |     1 |     9 ||    10
Throw: Dart              |       |       |       |     2 ||     2
  Use: Scroll            |       |     6 |     2 |     7 ||    15
       Potion            |       |       |       |     4 ||     4
 Stab: Sleeping          |     1 |     4 |     5 |     6 ||    16
       Distracted        |       |     1 |     1 |     1 ||     3
Armor: Leather armour    |    19 |       |     8 |       ||    27
       Robe              |       |       |     4 |       ||     4
       Troll leather arm |       |       |       |     5 ||     5
       Steam dragon scal |       |       |       |    11 ||    11
Dodge: Dodged            |    27 |    18 |   130 |   190 ||   365

Levels and vault maps discovered:
D:1:      wander_arrival_lonely_grave, layout_basic,
          dilly_ecumenical_altar_fadedgnrine
D:2:      cheibrodos_old_hovel, layout_loops_ring
D:3:      layout_basic, kennysheep_slug_shrine, st_stairs_12,
          serial_park_tiny_pond, uniq_natasha
D:4:      minmay_inner_zag, layout_loops_ring, nicolae_overflow_squiral,
          mainiacjoe_overflow_catwalk, hangedman_glass_garden
D:5:      layout_layer_cave, minmay_temple_entry_grid, kennysheep_windowed_goal
D:6:      layout_rooms, kennysheep_ying_yang, serial_shops, nicolae_shop_trees,
          nicolae_shop_waterfront, lightli_sewer_entry_pipes, uniq_menkaure,
          uniq_sigmund
D:7:      layout_basic
D:8:      layout_rooms, mainiacjoe_overflow_boulevard, erik_lair_island,
          minmay_starry_boxes, uniq_pikel
D:9:      layout_irregular_city, amcnicky_altar_gilded,
          gammafunk_ghost_stat_death, eino_tiny_chamber
D:10:     layout_basic, nicolae_gozag_seed_capital, gammafunk_ghost_smash,
          enter_bailey_4, uniq_urug, uniq_erolcha
D:11:     layout_basic, david_orc_3
D:12:     layout_roguey, water_maze_lemuel
D:14:     minmay_the_grid_square_5x5_5x5 [minmay_the_grid_square_5x5_detours,
          minmay_the_grid_square_5x5_eight, minmay_the_grid_square_5x5_empty,
          minmay_the_grid_square_5x5_tri_point,
          minmay_the_grid_square_5x5_tetrominoes,
          minmay_the_grid_square_5x5_fancy_junction,
          minmay_the_grid_square_5x5_prize_waves,
          minmay_the_grid_square_5x5_six_small,
          minmay_the_grid_square_5x5_prize_junk,
          minmay_the_grid_square_5x5_misaligned,
          minmay_the_grid_square_5x5_mess,
          minmay_the_grid_square_5x5_three_walls,
          minmay_the_grid_square_5x5_prize_itemx,
          minmay_the_grid_square_5x5_shrine1,
          minmay_the_grid_square_5x5_shuriken, minmay_the_grid_square_5x5_meh,
          minmay_the_grid_square_5x5_prize_rear_guard,
          minmay_the_grid_square_5x5_comb,
          minmay_the_grid_square_5x5_prize_snowflake,
          minmay_the_grid_square_5x5_v, minmay_the_grid_square_5x5_longway,
          minmay_the_grid_square_5x5_slash,
          minmay_the_grid_square_5x5_sharp_hourglass,
          minmay_the_grid_square_5x5_two_walls_b,
          minmay_the_grid_square_5x5_moneybag], layout_loops_ring,
          serial_bayou_lake_a

Notes
Turn   | Place    | Note
-------+----------+-------------------------------------------
     0 | Abyss:1  | sanka the Tengu Abyssal Knight began the quest for the Orb.
     0 | Abyss:1  | Reached XP level 1. HP: 14/14 MP: 3/3
     1 | D:1      | Escaped the Abyss
   164 | D:1      | Reached XP level 2. HP: 19/19 MP: 4/4
   169 | D:1      | Reached skill level 3 in Polearms
   498 | D:1      | Reached XP level 3. HP: 20/23 MP: 5/5
   626 | D:1      | Found a faded altar of an unknown god.
   842 | D:2      | Reached *** piety under Lugonu
   855 | D:2      | Identified the +9 spear "Ybyttun" {elec, Str+7}
   954 | D:2      | Reached skill level 4 in Polearms
   954 | D:2      | Reached skill level 2 in Dodging
  1269 | D:2      | Reached XP level 4. HP: 21/28 MP: 6/6
  1530 | D:3      | Noticed Natasha
  1534 | D:3      | Killed Natasha
  2224 | D:3      | Noticed Natasha
  2235 | D:3      | Killed Natasha
  2236 | D:3      | Reached skill level 3 in Dodging
  2236 | D:3      | Gained mutation: Your magical nature lets you fly swiftly
                  | and evasively. [Tengu growth]
  2236 | D:3      | Reached XP level 5. HP: 23/32 MP: 7/7
  2369 | D:3      | Noticed Natasha
  2377 | D:3      | Killed Natasha
  2794 | D:3      | Reached skill level 5 in Polearms
  2827 | D:3      | Found a snail-covered altar of Cheibriados.
  2866 | D:3      | Reached skill level 4 in Dodging
  2866 | D:3      | Reached XP level 6. HP: 37/37 MP: 8/8
  3155 | D:3      | Found a snail-covered altar of Cheibriados.
  3956 | D:4      | Found an iron altar of Okawaru.
  4104 | D:4      | Reached skill level 6 in Polearms
  4118 | D:4      | Found a shimmering blue altar of Sif Muna.
  4121 | D:4      | Found a glowing silver altar of Zin.
  4292 | D:4      | Reached **** piety under Lugonu
  4345 | D:4      | Reached skill level 5 in Dodging
  4345 | D:4      | Reached XP level 7. HP: 41/41 MP: 9/9
  4539 | D:5      | Entered Level 5 of the Dungeon
  4904 | D:5      | Reached skill level 7 in Polearms
  4904 | D:5      | Reached skill level 6 in Dodging
  5064 | D:5      | Found a staircase to the Ecumenical Temple.
  5171 | D:5      | Found Pixi's Book Shoppe.
  5253 | D:5      | Identified the +0 flail "Gram" {vorpal, rElec}
  5772 | D:6      | Found Omos's General Store.
  5820 | D:6      | Reached XP level 8. HP: 46/46 MP: 10/10
  5858 | D:6      | Found a basalt altar of Yredelemnul.
  5879 | D:6      | Noticed Sigmund
  5886 | D:6      | Killed Sigmund
  5896 | D:6      | Reached skill level 7 in Dodging
  5922 | D:6      | Noticed Menkaure
  5930 | D:6      | Killed Menkaure
  5931 | D:6      | Reached skill level 8 in Polearms
  5955 | D:6      | Found Pyesub's Antique Weapon Emporium.
  6017 | D:6      | Found a glowing drain.
  6138 | Sewer    | Entered a sewer
  6175 | Sewer    | Reached ***** piety under Lugonu
  6363 | Sewer    | Reached skill level 2 in Invocations
  6592 | D:6      | Reached skill level 8 in Dodging
  6812 | D:6      | Reached XP level 9. HP: 50/50 MP: 10/12
  6858 | D:6      | Found a white marble altar of Elyvilon.
  6996 | D:7      | Reached skill level 9 in Polearms
  6996 | D:7      | Reached skill level 3 in Invocations
  7673 | D:8      | Found an ancient bone altar of Kikubaaqudgha.
  7835 | D:8      | Reached skill level 4 in Invocations
  7858 | D:8      | Reached skill level 9 in Dodging
  8012 | D:8      | Reached skill level 10 in Polearms
  8055 | D:8      | Noticed a troll
  8077 | D:8      | Killed a troll
  8078 | D:8      | Reached skill level 5 in Invocations
  8078 | D:8      | Reached XP level 10. HP: 51/56 MP: 12/14
  8138 | D:8      | Reached ****** piety under Lugonu
  8139 | D:8      | Reached skill level 10 in Dodging
  8337 | D:8      | Found a staircase to the Lair.
  8401 | D:8      | Identified +0 steam dragon scales
  8556 | D:8      | Noticed Pikel
  8578 | D:7      | Killed Pikel
  8579 | D:7      | Reached skill level 11 in Polearms
  8579 | D:7      | Reached skill level 6 in Invocations
  8908 | D:9      | Found a transporter.
  8916 | D:9      | Found a transporter.
  8923 | D:9      | Noticed Pim's ghost (novice GrVM)
  9068 | D:9      | Found a hazy altar of Hepliaklqana.
  9073 | D:9      | Identified the +6 trident of Untimely Demise {pain, Dex+2}
  9351 | D:9      | Reached skill level 11 in Dodging
  9487 | D:9      | Reached skill level 7 in Invocations
  9487 | D:9      | Reached XP level 11. HP: 60/60 MP: 17/17
  9786 | D:10     | Entered Level 10 of the Dungeon
  9824 | D:10     | Noticed Urug
  9840 | D:10     | Killed Urug
  9949 | D:10     | Found a flagged portal.
  9968 | Bailey   | Entered a bailey
 10022 | Bailey   | Noticed an orc knight
 10041 | Bailey   | Killed an orc knight
 10042 | Bailey   | Reached skill level 12 in Polearms
 10378 | Bailey   | Noticed an orc warlord
 10427 | Bailey   | Killed an orc warlord
 10428 | Bailey   | Reached skill level 4 in Fighting
 10525 | Bailey   | Reached skill level 8 in Invocations
 10530 | Bailey   | Reached skill level 12 in Dodging
 10615 | D:10     | Acquired the ring of the Median {rF+ rCorr Int+4 Dex+4}
 11005 | D:10     | Found an opulent altar of Gozag.
 11059 | D:10     | Found a transporter.
 11061 | D:10     | Found a transporter.
 11062 | D:10     | Noticed Arum's ghost (journeyman FoFi)
 11063 | D:10     | Identified the +1 dire flail "Pustap Pano" {antimagic,
                  | rF+++}
 11063 | D:10     | Identified the +2 giant spiked club of the Endless Expanse
                  | {drain, Int+2}
 11063 | D:10     | Noticed a two-headed ogre
 11067 | D:10     | Noticed a two-headed ogre
 11102 | D:10     | Noticed Erolcha
 11112 | D:10     | Killed Erolcha
 11113 | D:10     | Reached skill level 5 in Fighting
 11690 | D:11     | Found a staircase to the Orcish Mines.
 11819 | D:11     | Noticed a seven-headed hydra
 11845 | D:11     | Killed a seven-headed hydra
 11846 | D:11     | Reached XP level 12. HP: 55/69 MP: 15/19
 12407 | D:10     | Reached skill level 6 in Fighting
 12436 | D:11     | Reached skill level 9 in Invocations
 12483 | D:10     | Reached skill level 13 in Dodging
 12504 | D:10     | Noticed a two-headed ogre
 12639 | D:10     | Noticed a two-headed ogre
 12913 | D:11     | Found a staircase to the Orcish Mines.
 13653 | D:12     | Noticed a seven-headed hydra
 13671 | D:12     | Killed a seven-headed hydra
 13681 | D:12     | Noticed a two-headed ogre
 13692 | D:12     | Killed a two-headed ogre
 13693 | D:12     | Reached skill level 7 in Fighting
 13743 | D:12     | You are sucked into a shaft and drop 2 floors!
 13755 | D:14     | Noticed a two-headed ogre
 13760 | D:14     | Killed a two-headed ogre
 13911 | D:14     | Noticed a death knight
 13915 | D:14     | Noticed a boulder beetle
 13945 | D:14     | Noticed a centaur warrior
 13960 | D:14     | Killed a centaur warrior
 13972 | D:14     | HP: 3/72 [red ugly thing (5)]
 13976 | D:14     | HP: 1/72 [red ugly thing (11)]
 13976 | D:14     | Slain by a red ugly thing

Vanquished Creatures
  An orc warlord (Bailey)
  Erolcha (D:10)
  2 hydras
  A centaur warrior (D:14)
  2 two-headed ogres
  Urug (D:10)
  4 skeletal warriors
  An orc knight (Bailey)
  Pikel (D:7)
  A deep elf pyromancer (D:14)
  2 gargoyles
  3 kobold demonologists (D:10)
  A komodo dragon (D:11)
  A troll (D:8)
  Sigmund (D:6)
  3 shadows
  2 wyverns
  13 yaks
  2 steam dragons (D:8)
  A basilisk (D:14)
  Menkaure (D:6)
  An acid dragon (D:11)
  A black bear (D:7)
  An ice beast (D:5)
  An ogre (D:5)
  2 sky beasts
  13 orc warriors
  4 centaurs
  5 wolves (D:8)
  3 kobold brigands
  4 bullfrogs
  2 gnoll sergeants
  2 necrophages
  14 wights (D:8)
  4 killer bees (D:8)
  2 electric eels (D:8)
  8 howler monkeys
  2 gnoll boudas
  6 hounds
  2 jellies (D:4)
  15 orc priests
  4 iguanas
  4 orc wizards
  Natasha (thrice) (D:3)
  15 gnolls
  3 river rats
  18 adders
  2 shadow imps
  4 white imps
  An ufetubus (D:7)
  4 worms
  2 dart slugs
  57 orcs
  18 ball pythons
  8 endoplasms
  5 giant cockroaches
  13 hobgoblins
  8 jackals
  21 kobolds
  6 quokkas
  3 bats
  6 frilled lizards
  16 goblins
  34 rats
392 creatures vanquished.
